TOP OF THE 1ST |
---|
Montgomery Grey Sox batting - Pitching for Pensacola Pilots : LHP Paul Mallette | Pitching: LHP Paul Mallette | | Batting: LHB Salvador López | 0-0: Ball 1-0: Fly out, F4 (Popup, 34S) | Batting: RHB Mike Cleveland | 0-0: Called Strike 0-1: Ball 1-1: Called Strike 1-2: Ball 2-2: Strikes out looking | Batting: RHB Glen MacDonald | 0-0: Ball 1-0: Called Strike 1-1: Swinging Strike 1-2: Strikes out swinging | Top of the 1st over - 0 runs, 0 hits, 0 errors, 0 left on base; Montgomery 0 - Pensacola 0 | BOTTOM OF THE 1ST |
---|
Pensacola Pilots batting - Pitching for Montgomery Grey Sox : RHP Tom Reed | Pitching: RHP Tom Reed | | Batting: SHB Carlos González | 0-0: Ground out 4-3 (Groundball, 4MD) | Batting: LHB Freddy Torres | 0-0: Ball 1-0: Swinging Strike 1-1: Called Strike 1-2: Ball 2-2: Ball 3-2: Base on Balls | Batting: RHB Albert Morán | 0-0: Ball 1-0: Called Strike 1-1: Foul Ball, location: 2F 1-2: SINGLE (Flyball, 89S) Freddy Torres to second Runner from 2nd tries for 3rd, SAFE, no throw | Batting: SHB Ron Winston | 0-0: Foul Ball, location: 2F 0-1: Called Strike 0-2: Ball 1-2: Fly out, F7 (Flyball, 7) | Batting: RHB Alfonso Sánchez | 0-0: Called Strike 0-1: Ball 1-1: Ball 2-1: Foul Ball, location: 2F 2-2: Strikes out swinging | Bottom of the 1st over - 0 runs, 1 hit, 0 errors, 2 left on base; Montgomery 0 - Pensacola 0 | TOP OF THE 2ND |
---|
Montgomery Grey Sox batting - Pitching for Pensacola Pilots : LHP Paul Mallette | Batting: RHB Bobby Hulsey | 0-0: Foul Ball, location: 2F 0-1: Called Strike 0-2: Ball 1-2: Ball 2-2: Foul Ball, location: 2F 2-2: SOLO HOME RUN (Flyball, 7D), Distance : 404 ft | Batting: LHB Aaron Thompson | 0-0: Called Strike 0-1: Ball 1-1: Foul Ball, location: 2F 1-2: Fly out, F7 (Line Drive, 7) | Batting: RHB António Nevárez | 0-0: Swinging Strike 0-1: Reached on error, E3 (Groundball, 34) | Batting: LHB Francisco Romo | 0-0: Ball 1-0: Foul Ball, location: 2F 1-1: Ball 2-1: Ball 3-1: Foul Ball, location: 2F 3-2: Fly out, F7 (Flyball, 78S) | Batting: RHB Ben White | 0-0: Foul Ball, location: 2F 0-1: Called Strike 0-2: Foul Ball, location: 2F 0-2: Ball 1-2: Strikes out swinging | Top of the 2nd over - 1 run, 1 hit, 1 error, 1 left on base; Montgomery 1 - Pensacola 0 | BOTTOM OF THE 2ND |
---|
Pensacola Pilots batting - Pitching for Montgomery Grey Sox : RHP Tom Reed | Batting: RHB Tony Pulla | 0-0: Called Strike 0-1: Foul Ball, location: 2F 0-2: Ball 1-2: Strikes out swinging | Batting: RHB Melvin Johnstone | 0-0: Foul Ball, location: 2F 0-1: Foul Ball, location: 2F 0-2: Strikes out swinging | Batting: RHB Pietro Ciccoritti | 0-0: Ball 1-0: Ball 2-0: Ball 3-0: Called Strike 3-1: Foul Ball, location: 2F 3-2: Fly out, F9 (Flyball, 89D) | Bottom of the 2nd over - 0 runs, 0 hits, 0 errors, 0 left on base; Montgomery 1 - Pensacola 0 | TOP OF THE 3RD |
---|
Montgomery Grey Sox batting - Pitching for Pensacola Pilots : LHP Paul Mallette | Batting: LHB Amlak Saitoti | 0-0: Called Strike 0-1: Ball 1-1: Called Strike 1-2: DOUBLE (Groundball, 3L) | Batting: LHB Salvador López | 0-0: Called Strike 0-1: Ball 1-1: Swinging Strike 1-2: Ground out 4-3 (Groundball, 4) Amlak Saitoti to third | Batting: RHB Mike Cleveland | 0-0: Called Strike 0-1: Foul Ball, location: 2F 0-2: Ball 1-2: Ball 2-2: Fly out, F9 (Flyball, 89M) Runner from 3rd tags up, OUT at HOME | Top of the 3rd over - 0 runs, 1 hit, 0 errors, 0 left on base; Montgomery 1 - Pensacola 0 | BOTTOM OF THE 3RD |
---|
Pensacola Pilots batting - Pitching for Montgomery Grey Sox : RHP Tom Reed | Batting: RHB Carson Allen | 0-0: Called Strike 0-1: Called Strike 0-2: Strikes out swinging | Batting: SHB Carlos González | 0-0: Ball 1-0: Ground out 6-3 (Groundball, 6) | Batting: LHB Freddy Torres | 0-0: Ball 1-0: Called Strike 1-1: Foul Ball, location: 2F 1-2: Ball 2-2: Fly out, F7 (Flyball, 7S) | Bottom of the 3rd over - 0 runs, 0 hits, 0 errors, 0 left on base; Montgomery 1 - Pensacola 0 | TOP OF THE 4TH |
---|
Montgomery Grey Sox batting - Pitching for Pensacola Pilots : LHP Paul Mallette | Batting: RHB Glen MacDonald | 0-0: Ball 1-0: Ball 2-0: Foul Ball, location: 2F 2-1: Fly out, F9 (Flyball, 89D) | Batting: RHB Bobby Hulsey | 0-0: Ball 1-0: Ball 2-0: Fly out, F4 (Popup, 34D) | Batting: LHB Aaron Thompson | 0-0: Ball 1-0: Fly out, F9 (Flyball, 9LS) | Top of the 4th over - 0 runs, 0 hits, 0 errors, 0 left on base; Montgomery 1 - Pensacola 0 | BOTTOM OF THE 4TH |
---|
Pensacola Pilots batting - Pitching for Montgomery Grey Sox : RHP Tom Reed | Batting: RHB Albert Morán | 0-0: Called Strike 0-1: Ball 1-1: Foul Ball, location: 2F 1-2: Foul Ball, location: 2F 1-2: Ball 2-2: Ground out 4-3 (Groundball, 4) | Batting: SHB Ron Winston | 0-0: Ball 1-0: SOLO HOME RUN (Flyball, 9LD), Distance : 349 ft | Batting: RHB Alfonso Sánchez | 0-0: Called Strike 0-1: Ball 1-1: Ball 2-1: Foul Ball, location: 2F 2-2: SINGLE (Groundball, 4S) (infield hit) | Batting: RHB Tony Pulla | 0-0: Ball 1-0: Foul Ball, location: 2F 1-1: Ball 2-1: Foul Ball, location: 2F 2-2: Ball 3-2: Foul Ball, location: 2F 3-2: Foul Ball, location: 2F 3-2: Foul Ball, location: 2F 3-2: Base on Balls Alfonso Sánchez to second | Batting: RHB Melvin Johnstone | 0-0: SINGLE (Groundball, 56D) Alfonso Sánchez to third Tony Pulla to second | Batting: RHB Pietro Ciccoritti | 0-0: SINGLE (Flyball, 89M) Alfonso Sánchez scores Tony Pulla to third Melvin Johnstone to second Runner from 3rd tries for Home, SAFE, no throw | Batting: RHB Carson Allen | 0-0: Ball 1-0: Ball 2-0: Ground out 5-3 (Groundball, 56S) Melvin Johnstone to third Pietro Ciccoritti to second | Batting: SHB Carlos González | 0-0: Swinging Strike 0-1: Fly out, F4 (Line Drive, 4) | Bottom of the 4th over - 3 runs, 4 hits, 0 errors, 2 left on base; Montgomery 1 - Pensacola 3 | TOP OF THE 5TH |
---|
Montgomery Grey Sox batting - Pitching for Pensacola Pilots : LHP Paul Mallette | Batting: RHB António Nevárez | 0-0: Ground out 3-1 (Groundball, 34) | Batting: LHB Francisco Romo | 0-0: SINGLE (Groundball, 34D) | Batting: RHB Ben White | 0-0: Ball 1-0: Called Strike 1-1: DOUBLE (Line Drive, 9D) Francisco Romo to third | Batting: LHB Amlak Saitoti | 0-0: Called Strike 0-1: Foul Ball, location: 2F 0-2: Fly out, F7 (Flyball, 78S) | Batting: LHB Salvador López | 0-0: Called Strike 0-1: Foul Ball, location: 2F 0-2: Ground out 1-3 (Groundball, P) | Top of the 5th over - 0 runs, 2 hits, 0 errors, 2 left on base; Montgomery 1 - Pensacola 3 | BOTTOM OF THE 5TH |
---|
Pensacola Pilots batting - Pitching for Montgomery Grey Sox : RHP Tom Reed | Batting: LHB Freddy Torres | 0-0: Ball 1-0: Swinging Strike 1-1: Foul Ball, location: 2F 1-2: Strikes out looking | Batting: RHB Albert Morán | 0-0: Ball 1-0: Swinging Strike 1-1: Called Strike 1-2: Foul Ball, location: 2F 1-2: SINGLE (Groundball, 56) (infield hit) | Batting: SHB Ron Winston | 0-0: Ball Albert Morán is caught stealing 2nd base 1-0: Ball 2-0: Ball 3-0: Called Strike 3-1: Base on Balls | Batting: RHB Alfonso Sánchez | 0-0: Foul Ball, location: 2F 0-1: Ball 1-1: Ball 2-1: Foul Ball, location: 2F 2-2: Ball 3-2: Foul Ball, location: 2F 3-2: Foul Ball, location: 2F 3-2: Foul Ball, location: 2F 3-2: Fly out, F8 (Flyball, 8LM) | Bottom of the 5th over - 0 runs, 1 hit, 0 errors, 1 left on base; Montgomery 1 - Pensacola 3 | TOP OF THE 6TH |
---|
Montgomery Grey Sox batting - Pitching for Pensacola Pilots : LHP Paul Mallette | Batting: RHB Mike Cleveland | 0-0: Ball 1-0: Ball 2-0: Called Strike 2-1: Foul Ball, location: 2F 2-2: Foul Ball, location: 2F 2-2: Reached via error on a dropped throw, E1 | Batting: RHB Glen MacDonald | 0-0: Foul Ball, location: 2F 0-1: Ball 1-1: Fly out, F4 (Line Drive, 4) | Batting: RHB Bobby Hulsey | 0-0: Ball 1-0: Ball 2-0: Fly out, F8 (Flyball, 8RM) | Batting: LHB Aaron Thompson | 0-0: Called Strike 0-1: Foul Ball, location: 2F 0-2: Ball 1-2: Ground out 4-3 (Groundball, 4) | Top of the 6th over - 0 runs, 0 hits, 1 error, 1 left on base; Montgomery 1 - Pensacola 3 | BOTTOM OF THE 6TH |
---|
Pensacola Pilots batting - Pitching for Montgomery Grey Sox : RHP Tom Reed | Pitching: RHP António Estrada | | Batting: RHB Tony Pulla | 0-0: Ball 1-0: Called Strike 1-1: Swinging Strike 1-2: Foul Ball, location: 2F 1-2: Strikes out swinging | Batting: RHB Melvin Johnstone | 0-0: Ball 1-0: Called Strike 1-1: Fly out, F8 (Flyball, 8RM) | Batting: RHB Pietro Ciccoritti | 0-0: SINGLE (Line Drive, 6D) | Batting: RHB Carson Allen | 0-0: Ball 1-0: Called Strike 1-1: Foul Ball, location: 2F 1-2: Foul Ball, location: 2F 1-2: Fly out, F7 (Flyball, 7) | Bottom of the 6th over - 0 runs, 1 hit, 0 errors, 1 left on base; Montgomery 1 - Pensacola 3 | TOP OF THE 7TH |
---|
Montgomery Grey Sox batting - Pitching for Pensacola Pilots : LHP Paul Mallette | Batting: RHB António Nevárez | 0-0: Called Strike 0-1: Ball 1-1: Ball 2-1: Swinging Strike 2-2: Ball 3-2: SINGLE (Groundball, 56D) | Pinch Runner at 1st Ron Young: | | Batting: LHB Francisco Romo | 0-0: Ball 1-0: Ball 2-0: Ball 3-0: Called Strike 3-1: SINGLE (Groundball, 4MD) (infield hit) Ron Young to second | Pitching: RHP Manuel Cadenas | | Batting: RHB Ben White | 0-0: Foul Ball, location: 2F 0-1: Called Strike 0-2: Ball 1-2: Strikes out swinging | Batting: LHB Amlak Saitoti | 0-0: Called Strike Ron Young steals 3rd base 0-1: SINGLE (Groundball, 34D) Ron Young scores Francisco Romo to second Runner from 2nd tries for 3rd, SAFE, no throw | Batting: LHB Salvador López | 0-0: Ball 1-0: Ball Amlak Saitoti steals 2nd base 2-0: Ball 3-0: Base on Balls | Batting: RHB Mike Cleveland | 0-0: Ball 1-0: Fly out, F9 (Flyball, 89M) Runner from 3rd tags up, SCORES, throw made | Batting: RHB Glen MacDonald | 0-0: Called Strike 0-1: Foul Ball, location: 2F 0-2: Ball 1-2: Ball 2-2: Fly out, F4 (Line Drive, 4M) | Top of the 7th over - 2 runs, 3 hits, 0 errors, 2 left on base; Montgomery 3 - Pensacola 3 | BOTTOM OF THE 7TH |
---|
Pensacola Pilots batting - Pitching for Montgomery Grey Sox : RHP António Estrada | Now at 2B: Lawrence Davidson | | Batting: SHB Carlos González | 0-0: Called Strike 0-1: Foul Ball, location: 2F 0-2: SINGLE (Flyball, 9S) | Batting: LHB Freddy Torres | 0-0: Called Strike 0-1: Ball 1-1: Called Strike Error on foul ball, E2 1-2: Ball 2-2: Ball 3-2: SINGLE (Flyball, 3D) Carlos González to second Carlos González to third | Batting: RHB Albert Morán | 0-0: Called Strike 0-1: Foul Ball, location: 2F 0-2: Ball 1-2: Foul Ball, location: 2F 1-2: Strikes out swinging | Batting: SHB Ron Winston | 0-0: Ball 1-0: Fly out, F1 (Line Drive, 15) | Batting: RHB Alfonso Sánchez | 0-0: Ball 1-0: Ball 2-0: Foul Ball, location: 2F 2-1: Ball 3-1: Foul Ball, location: 2F 3-2: Foul Ball, location: 2F 3-2: Base on Balls Freddy Torres to second | Batting: RHB Tony Pulla | 0-0: Swinging Strike 0-1: Ground out U3 (Groundball, 34S) | Bottom of the 7th over - 0 runs, 2 hits, 1 error, 3 left on base; Montgomery 3 - Pensacola 3 | TOP OF THE 8TH |
---|
Montgomery Grey Sox batting - Pitching for Pensacola Pilots : RHP Manuel Cadenas | Batting: RHB Bobby Hulsey | 0-0: Foul Ball, location: 2F 0-1: Ball 1-1: Ground out 3-1 (Groundball, 34) | Batting: LHB Aaron Thompson | 0-0: Ball 1-0: Swinging Strike 1-1: Ball 2-1: Swinging Strike 2-2: Strikes out looking | Batting: RHB Lawrence Davidson | 0-0: Ball 1-0: Called Strike 1-1: Ground out U3 (Groundball, 3) | Top of the 8th over - 0 runs, 0 hits, 0 errors, 0 left on base; Montgomery 3 - Pensacola 3 | BOTTOM OF THE 8TH |
---|
Pensacola Pilots batting - Pitching for Montgomery Grey Sox : RHP António Estrada | Pinch Hitting: RHB John Hall | 0-0: Ball 1-0: Ball 2-0: Foul Ball, location: 2F 2-1: Ball 3-1: Called Strike 3-2: Foul Ball, location: 2F 3-2: Fly out, F8 (Flyball, 8RD) | Batting: RHB Pietro Ciccoritti | 0-0: Ball 1-0: Ball 2-0: Foul Ball, location: 2F 2-1: SINGLE (Groundball, 34D) | Batting: RHB Carson Allen | 0-0: Ball 1-0: Called Strike 1-1: Foul Ball, location: 2F 1-2: Ball 2-2: SINGLE (Groundball, 6MD) Pietro Ciccoritti to second | Pitching: RHP Jorge Cherena | | Batting: SHB Carlos González | 0-0: Ball 1-0: Foul Ball, location: 2F 1-1: Fly out, F8 (Flyball, 8LM) | Batting: LHB Freddy Torres | 0-0: Fielders Choice at 2nd, 5-4 (Groundball, 56) | Bottom of the 8th over - 0 runs, 2 hits, 0 errors, 2 left on base; Montgomery 3 - Pensacola 3 | TOP OF THE 9TH |
---|
Montgomery Grey Sox batting - Pitching for Pensacola Pilots : RHP Manuel Cadenas | Pitching: LHP Keith Jackson | | Now in LF: Jorge Paredes | | Batting: LHB Francisco Romo | 0-0: Called Strike 0-1: Foul Ball, location: 2F 0-2: Ball 1-2: Ball 2-2: Ball 3-2: Base on Balls | Pinch Runner at 1st Rob Lowe: | | Batting: RHB Ben White | 0-0: Ball 1-0: Ball 2-0: Swinging Strike 2-1: Ball 3-1: Base on Balls Rob Lowe to second | Pinch Hitting: RHB Luis Pineda | 0-0: Called Strike 0-1: Foul Ball, location: 2F 0-2: Ball 1-2: Strikes out swinging | Batting: LHB Salvador López | 0-0: Called Strike 0-1: Called Strike 0-2: Foul Ball, location: 2F 0-2: Ball 1-2: TRIPLE (Line Drive, 7D) Rob Lowe scores Ben White scores | Batting: RHB Mike Cleveland | 0-0: Ground out 4-3 (Groundball, 4) | Batting: RHB Glen MacDonald | 0-0: Ball 1-0: Ball 2-0: Ball 3-0: Base on Balls | Batting: RHB Bobby Hulsey | 0-0: Swinging Strike 0-1: Ball 1-1: Called Strike 1-2: Ball 2-2: Ball 3-2: Foul Ball, location: 2F 3-2: SINGLE (Line Drive, 6MD) Salvador López scores Glen MacDonald to second Glen MacDonald to third | Batting: LHB Aaron Thompson | 0-0: Fly out, F9 (Flyball, 9S) | Top of the 9th over - 3 runs, 2 hits, 0 errors, 2 left on base; Montgomery 6 - Pensacola 3 | BOTTOM OF THE 9TH |
---|
Pensacola Pilots batting - Pitching for Montgomery Grey Sox : RHP Jorge Cherena | Now at SS: Joe LaFontaine | | Batting: RHB Albert Morán | 0-0: Called Strike 0-1: Called Strike 0-2: Fly out, F8 (Flyball, 8RM) | Batting: SHB Ron Winston | 0-0: Fly out, F2 (Popup, 25F) | Batting: RHB Alfonso Sánchez | 0-0: Called Strike 0-1: Foul Ball, location: 2F 0-2: Strikes out swinging | Bottom of the 9th over - 0 runs, 0 hits, 0 errors, 0 left on base; Montgomery 6 - Pensacola 3 | |